 Dungeon Crawl Stone Soup version 0.21.1-1-g345015fe64 (webtiles) character file.

13090 Holzbalken the Geomancer (level 12, -9/81 HPs)
             Began as a Gargoyle Earth Elementalist on July 6, 2018.
             Was an Elder of Sif Muna.
             Mangled by Snorg (20 damage)
             ... on level 11 of the Dungeon on July 7, 2018.
             The game lasted 01:48:39 (16658 turns).

Holzbalken the Geomancer (GrEE)                    Turns: 16658, Time: 01:48:40

Health: -9/81      AC: 14    Str: 13    XL:     12   Next: 2%
Magic:  0/22       EV: 16    Int: 20    God:    Sif Muna [****..]
Gold:   654        SH:  0    Dex: 10    Spells: 12/25 levels left

rFire    . . .     SeeInvis .   O - staff of conjuration
rCold    . . .     Gourm    .   (no shield)
rNeg     + . .     Faith    .   R - +0 troll leather armour
rPois    ∞         Spirit   .   L - +0 helmet
rElec    +         Reflect  .   h - scarf {repulsion}
rCorr    .         Harm     .   (no gloves)
MR       .....                  (no boots)
Stlth    ++........             (no amulet)
HPRegen  0.63/turn              l - +5 ring of evasion
MPRegen  0.18/turn              p - +5 ring of slaying

@: no casting, repel missiles
A: negative energy resistance 1, electricity resistance, unbreathing,
petrification resistance, rot immunity, AC +8
a: Stop Divine Energy, Channel Magic, Forget Spell, Renounce Religion


You were on level 11 of the Dungeon.
You worshipped Sif Muna.
Sif Muna was greatly pleased with you.
You were not hungry.

You visited 2 branches of the dungeon, and saw 12 of its levels.

You collected 784 gold pieces.
You spent 130 gold pieces at shops.

Inventory:

Hand Weapons
 n - a +4 quarterstaff of chaos
Missiles
 c - 57 stones
 t - 15 tomahawks (quivered)
Armour
 h - a scarf of repulsion (worn)
 K - a +2 leather armour of fire resistance
 L - a +0 helmet (worn)
 Q - +0 steam dragon scales
 R - a +0 troll leather armour (worn)
 S - a +2 robe of magic resistance
Magical Staves
 O - an uncursed staff of conjuration (weapon)
Jewellery
 l - a +5 ring of evasion (left hand)
 p - a +5 ring of slaying (right hand)
 I - an uncursed ring of flight
 M - an uncursed ring of fire
Wands
 y - a wand of iceblast (25)
 A - a wand of acid (13)
 E - a wand of enslavement (14)
 H - a wand of polymorph (50)
Scrolls
 a - a scroll of fear {unknown}
 b - 2 scrolls of teleportation {unknown}
 f - 6 scrolls of remove curse
 m - a scroll of random uselessness {unknown}
 o - 2 scrolls of magic mapping {unknown}
 r - 5 scrolls of identify
 s - 2 scrolls of amnesia
 u - a scroll of immolation {unknown}
 x - 4 scrolls of enchant weapon
 B - a scroll of holy word {unknown}
 F - 2 scrolls of blinking {unknown}
 G - 2 scrolls of fog {unknown}
 J - a scroll of summoning {unknown}
Potions
 g - 3 potions of mutation
 i - 2 potions of resistance
 j - 5 potions of curing
 k - a potion of flight
 q - 2 potions of heal wounds
 v - a potion of magic
 w - a potion of haste
 z - 5 potions of brilliance
 D - a potion of agility
 N - a potion of berserk rage
Books
 e - a book of Geomancy

   Spells                             Type                      Level
   a - Sandblast                      Earth                        1
   b - Passwall                       Transmutation/Earth          2
   c - Stone Arrow                    Conjuration/Earth            3
   d - Petrify                        Transmutation/Earth          4
   e - Lee's Rapid Deconstruction     Earth                        5
Miscellaneous
 P - a box of beasts
Comestibles
 d - 8 rations


   Skills:
 + Level 11.8 Fighting
 + Level 2.2 Staves
 - Level 5.2 Armour
 - Level 1.5 Dodging
 - Level 2.1 Stealth
 - Level 7.2 Spellcasting
 - Level 7.0 Conjurations
 - Level 3.0 Transmutations
 + Level 12.0 Earth Magic


You had 12 spell levels left.
You knew the following spells:

 Your Spells              Type           Power        Failure   Level  Hunger
a - Sandblast             Erth           ######       1%          1    None
b - Stone Arrow           Conj/Erth      ######       1%          3    #......
c - Petrify               Tmut/Erth      #####...     4%          4    ###....
d - Lee's Rapid Deconstr  Erth           ######....   2%          5    #####..


Dungeon Overview and Level Annotations

Branches:
Dungeon (11/15)            Temple (1/1) D:5            Lair (0/6) D:8
    Orc (0/2) D:9

Altars:
Ashenzari
Cheibriados
Dithmenos
Elyvilon
Fedhas
Gozag
Hepliaklqana
Kikubaaqudgha
Makhleb
Nemelex Xobeh
Okawaru
Qazlal
Ru
Sif Muna
Trog
Uskayaw
Vehumet
Wu Jian
Xom
Yredelemnul
Zin
The Shining One

Shops:
D:4 !

Annotations:
D:11 Snorg


Innate Abilities, Weirdness & Mutations

You are resistant to torment.
Your stone body is resilient. (AC +8)
You are immune to poison.
You resist negative energy. (rN+)
You are resistant to electric shocks. (rElec)
You can survive without breathing.
You are immune to petrification.
You are immune to rotting.


Message History

The bullfrog closely misses you. Snorg bites you!
* * * LOW HITPOINT WARNING * * *
Snorg claws you but does no damage. Snorg misses you.
Casting: Sandblast
Confirm with . or Enter, or press ? or * to list all spells.
Aiming: Stone Arrow
Press: ? - help, Shift-Dir - straight line, f/p - Snorg
Aim: Snorg (almost dead, berserk, fast, unusually strong)
You feel a surge of power!
The stone arrow hits Snorg.
Snorg is almost dead.
Sif Muna grants you divine energy.
You briefly lose access to your magic!
Snorg bites you.
* * * LOW HITPOINT WARNING * * *
Snorg closely misses you. Snorg claws you but does no damage.
Snorg closely misses you. Snorg claws you.
* * * LOW HITPOINT WARNING * * *
Snorg closely misses you. Snorg bites you!!
You die...

#.# #.# ##.# .# #..# .. #.##
#. #.# ## #. ##'### #. #.
#######....# ##. #.
##@....'....#####..
######.#####T.#####....'.....#
.....%.(.C.F.## #....#######
#######..##### ###'## ##.#
##.# #C# #..# #.# #.## #.#
##'### .(. #....#


You could see Snorg (berserk) and a bullfrog.

Vanquished Creatures
  Erolcha (D:10)
  A centaur warrior (D:10)
  3 two-headed ogres
  A kobold demonologist (D:10)
  2 centaur skeletons (D:10)
  A troll (D:10)
  A hippogriff (D:8)
  20 yaks
  2 wraiths (D:10)
  A steam dragon (D:10)
  2 hungry ghosts
  A soldier ant (D:10)
  A porcupine (D:8)
  2 phantoms
  An ice beast (D:10)
  4 orc warriors
  A sky beast (D:6)
  5 black bears
  A necrophage (D:9)
  2 ogres
  5 centaurs
  7 bullfrogs
  3 big kobolds
  Blork the orc (D:5)
  4 scorpions
  11 killer bees
  10 wights
  3 howler monkeys (D:10)
  2 bullfrog zombies
  A centaur zombie (D:7)
  2 crimson imps
  A quasit (D:10)
  A hound (D:10)
  4 orc priests
  Crazy Yiuf (D:3)
  10 orc wizards
  A bullfrog skeleton (D:6)
  An iguana (D:4)
  Ijyb (D:5)
  5 worker ants
  A killer bee zombie (D:5)
  A howler monkey zombie (D:6)
  3 worker ant zombies
  7 adders
  4 gnolls (D:3)
  4 shadow imps
  4 oozes
  An adder zombie (D:6)
  An adder skeleton (D:6)
  4 worms
  4 dart slugs
  5 leopard geckos
  29 orcs
  A ball python (D:4)
  5 bats
  3 giant cockroaches
  8 hobgoblins (D:2)
  21 jackals
  19 kobolds
  4 quokkas
  13 frilled lizards
  11 goblins
  6 rats
  A fungus (D:3)
287 creatures vanquished.

Vanquished Creatures (others)
  7 fungi (D:8)
  A plant (D:8)
8 creatures vanquished.

Grand Total: 295 creatures vanquished

Notes
Turn   | Place    | Note
-------+----------+-------------------------------------------
     0 | D:1      | Holzbalken the Gargoyle Earth Elementalist began the quest for the Orb.
     0 | D:1      | Reached XP level 1. HP: 10/10 MP: 3/3
   373 | D:1      | Reached XP level 2. HP: 7/16 MP: 0/5
   573 | D:1      | Reached skill level 4 in Earth Magic
   790 | D:1      | Reached skill level 1 in Fighting
  1019 | D:1      | Reached XP level 3. HP: 20/20 MP: 0/6
  1597 | D:2      | Learned a level 3 spell: Stone Arrow
  2003 | D:2      | Reached XP level 4. HP: 25/25 MP: 5/7
  2057 | D:2      | Found a snail-covered altar of Cheibriados.
  2171 | D:2      | Reached skill level 1 in Conjurations
  2171 | D:2      | Reached skill level 5 in Earth Magic
  2549 | D:2      | Reached XP level 5. HP: 29/30 MP: 0/9
  3756 | D:3      | Reached XP level 6. HP: 19/36 MP: 0/10
  4835 | D:3      | Found a runed door.
  4839 | D:3      | Noticed Crazy Yiuf
  4842 | D:3      | Killed Crazy Yiuf
  5108 | D:4      | Reached skill level 6 in Earth Magic
  5269 | D:4      | Found Ysouco's Distillery.
  5271 | D:4      | Bought a potion of curing for 30 gold pieces
  5271 | D:4      | Bought a potion of heal wounds for 50 gold pieces
  5271 | D:4      | Bought a potion of heal wounds for 50 gold pieces
  5605 | D:4      | Reached XP level 7. HP: 41/41 MP: 1/12
  5951 | D:4      | Found an ornate altar of the Wu Jian Council.
  6245 | D:5      | Entered Level 5 of the Dungeon
  6283 | D:5      | Found a burning altar of Makhleb.
  6529 | D:5      | Reached skill level 7 in Earth Magic
  6704 | D:5      | Reached XP level 8. HP: 48/48 MP: 6/13
  6813 | D:5      | Found a staircase to the Ecumenical Temple.
  6823 | Temple   | Entered the Ecumenical Temple
  6914 | Temple   | Became a worshipper of Sif Muna the Loreminder
  7123 | D:5      | Reached skill level 5 in Conjurations
  7328 | D:5      | Noticed Blork the orc
  7338 | D:5      | Killed Blork the orc
  7460 | D:5      | Noticed Ijyb
  7466 | D:5      | Killed Ijyb
  7466 | D:5      | Reached skill level 1 in Armour
  8881 | D:7      | Reached skill level 8 in Earth Magic
  8990 | D:7      | Found a blossoming altar of Fedhas.
  8990 | D:7      | Found a shimmering altar of Xom.
  8996 | D:7      | Found an iron altar of Okawaru.
  8999 | D:7      | Found a bloodstained altar of Trog.
  9000 | D:7      | Found a faded altar of an unknown god.
  9860 | D:7      | Reached skill level 5 in Spellcasting
  9963 | D:7      | Reached XP level 9. HP: 14/53 MP: 0/16
 10196 | D:8      | Reached skill level 5 in Fighting
 10503 | D:8      | Found a staircase to the Lair.
 10517 | D:8      | Reached * piety under Sif Muna
 10697 | D:8      | Found a glowing golden altar of the Shining One.
 11063 | D:8      | Found a sparkling altar of Nemelex Xobeh.
 11370 | D:8      | Reached skill level 9 in Earth Magic
 11527 | D:8      | Found a radiant altar of Vehumet.
 11556 | D:8      | Reached ** piety under Sif Muna
 11799 | D:9      | Found a staircase to the Orcish Mines.
 11799 | D:9      | Found a shadowy altar of Dithmenos.
 12215 | D:9      | Reached XP level 10. HP: 50/63 MP: 1/20
 12438 | D:9      | Noticed a two-headed ogre
 12445 | D:9      | Killed a two-headed ogre
 12445 | D:9      | Reached skill level 10 in Earth Magic
 12689 | D:9      | Noticed a two-headed ogre
 12772 | D:9      | Killed a two-headed ogre
 12998 | D:9      | Reached *** piety under Sif Muna
 13006 | D:9      | Reached skill level 11 in Earth Magic
 13332 | D:9      | Reached XP level 11. HP: 22/71 MP: 0/21
 13336 | D:9      | HP: 2/71 [yak (6)]
 13853 | D:10     | Entered Level 10 of the Dungeon
 13854 | D:10     | Found a runed door.
 14180 | D:10     | Noticed a two-headed ogre
 14184 | D:10     | Killed a two-headed ogre
 14457 | D:10     | Reached skill level 12 in Earth Magic
 14739 | D:10     | Reached skill level 10 in Fighting
 14797 | D:10     | Found a runed door.
 15247 | D:10     | Noticed Erolcha
 15450 | D:10     | Learned a level 4 spell: Petrify
 15456 | D:10     | Learned a level 5 spell: Lee's Rapid Deconstruction
 15466 | D:10     | Reached **** piety under Sif Muna
 15526 | D:10     | Reached skill level 1 in Transmutations
 15696 | D:10     | Reached skill level 1 in Staves
 15877 | D:10     | Noticed a centaur warrior
 15888 | D:10     | Killed a centaur warrior
 15888 | D:10     | Reached skill level 5 in Armour
 16053 | D:10     | Paralysed by Erolcha for 5 turns
 16059 | D:10     | Killed Erolcha
 16059 | D:10     | Reached XP level 12. HP: 75/81 MP: 10/22
 16633 | D:11     | Noticed Snorg
 16658 | D:11     | Mangled by Snorg

Skill      XL: |  1  2  3  4  5  6  7  8  9 10 11 12 |
---------------+-------------------------------------+-----
Earth Magic    | 4 5 6 7 8 9 11 12 | 12.0
Fighting       | 1 2 3 4 7 9 11 | 11.8
Conjurations   | 1 2 3 4 5 7 |  7.0
Spellcasting   | 3 5 6 7 |  7.2
Armour         | 4 5 |  5.2
Transmutations | 2 3 |  3.0
Staves         | 2 |  2.2
Dodging        | |  1.5
Stealth        | |  2.1

Action                   |  1- 3 |  4- 6 |  7- 9 | 10-12 || total
-------------------------+-------+-------+-------+-------++-------
Melee: Unarmed           |    49 |    61 |       |       ||   110
       Quarterstaff      |       |     6 |    69 |    37 ||   112
       Staff             |       |       |       |    20 ||    20
Throw: Tomahawk          |       |     4 |       |       ||     4
       Stone             |       |     3 |       |       ||     3
 Cast: Sandblast         |    48 |    45 |    15 |   115 ||   223
       Stone Arrow       |       |    54 |   162 |    88 ||   304
       Lee's Rapid Decon |       |       |       |    10 ||    10
       Petrify           |       |       |       |     6 ||     6
Invok: Divine Energy     |       |       |     1 |       ||     1
  Use: Scroll            |       |       |     9 |     3 ||    12
       Potion            |       |       |       |     2 ||     2
 Stab: Sleeping          |     3 |       |       |       ||     3
       Petrified         |       |       |       |     6 ||     6
  Eat: Chunk             |     4 |    10 |    11 |    12 ||    37
       Ration            |       |     2 |     6 |     2 ||    10
Armor: Robe              |    16 |       |       |       ||    16
       Leather armour    |    12 |    30 |    44 |    42 ||   128
       Troll leather arm |       |       |       |    12 ||    12
Dodge: Dodged            |    40 |    54 |   140 |   143 ||   377
       Deflected         |       |     1 |     3 |     6 ||    10
